PCL
MEXICO CITY CERVECEROS @ HOUSTON HAMMERTIME
09/21/2025
 
TOP OF THE 1ST
Mexico City Cerveceros batting - Pitching for Houston Hammertime : LHP Terry Klassen
Pitching: LHP Terry Klassen
Batting: RHB Henning Huisman 0-0: Foul Ball, location: 2F
0-1: Swinging Strike
0-2: Ball
1-2: Ball
2-2: Foul Ball, location: 2F
2-2: Strikes out looking
Batting: LHB Brandon Cummings 0-0: SINGLE (Groundball, 3D)
Batting: RHB Murai Ishihara 0-0: Called Strike
0-1: Swinging Strike
0-2: Strikes out swinging
Batting: RHB Dave Morgan 0-0: Ball
1-0: Swinging Strike
1-1: Swinging Strike
1-2: Strikes out looking
Top of the 1st over - 0 run(s), 1 hit(s), 0 error(s), 1 left on base; Mexico City 0 - Houston 0
BOTTOM OF THE 1ST
Houston Hammertime batting - Pitching for Mexico City Cerveceros : RHP Honorato Mota
Pitching: RHP Honorato Mota
Batting: RHB José García 0-0: Fly out, F8 (Flyball, 8RXD)
Batting: SHB Cristo Ontiveros 0-0: Called Strike
0-1: SINGLE (Groundball, 56D)
Batting: LHB Juan Cabañas 0-0: Foul Ball, location: 2F
0-1: Ball
1-1: Called Strike
1-2: Foul Ball, location: 2F
1-2: Foul Ball, location: 2F
1-2: Foul Ball, location: 2F
1-2: Ball
2-2: SINGLE (Flyball, 8LS)
Cristo Ontiveros to second
Batting: RHB Mario Beltrán 0-0: Foul Ball, location: 2F
0-1: Ball
1-1: Foul Ball, location: 2F
1-2: Ball
2-2: 3-RUN HOME RUN (Flyball, 9D), Distance : 367 ft
Batting: LHB Pat Jones 0-0: Ball
1-0: Ball
2-0: Called Strike
2-1: Ball
3-1: Base on Balls
Batting: LHB Bartolo Villanueva 0-0: Ball
1-0: Foul Ball, location: 2F
1-1: Foul Ball, location: 2F
1-2: Strikes out swinging
Batting: RHB Rafael Torres 0-0: Ball
1-0: Ball
2-0: Ball
3-0: Base on Balls
Pat Jones to second
Batting: LHB Fernando Camacho 0-0: Ball
1-0: Called Strike
1-1: Foul Ball, location: 2F
1-2: Ball
2-2: SINGLE (Line Drive, 89S)
Pat Jones to third
Rafael Torres to second
Batting: RHB Pedro Meza 0-0: Ball
1-0: Foul Ball, location: 2F
1-1: Ball
2-1: Ball
3-1: Base on Balls
Pat Jones scores
Rafael Torres to third
Fernando Camacho to second
Batting: RHB José García 0-0: Called Strike
0-1: Fielders Choice at 2nd, U6 (Groundball, 6M)
Bottom of the 1st over - 4 run(s), 4 hit(s), 0 error(s), 3 left on base; Mexico City 0 - Houston 4
TOP OF THE 2ND
Mexico City Cerveceros batting - Pitching for Houston Hammertime : LHP Terry Klassen
Batting: RHB Jesús Torres 0-0: SINGLE (Line Drive, 89S)
Batting: RHB Jorge González 0-0: Ball
1-0: Foul Ball, location: 2F
1-1: Foul Ball, location: 2F
1-2: Foul Ball, location: 2F
1-2: Grounds into double play, 4-6-3 (Groundball, 4)
Batting: LHB Víctor Carrillo 0-0: Called Strike
0-1: Called Strike
0-2: Ball
1-2: Strikes out swinging
Top of the 2nd over - 0 run(s), 1 hit(s), 0 error(s), 0 left on base; Mexico City 0 - Houston 4
BOTTOM OF THE 2ND
Houston Hammertime batting - Pitching for Mexico City Cerveceros : RHP Honorato Mota
Batting: SHB Cristo Ontiveros 0-0: Called Strike
0-1: Foul Ball, location: 2F
0-2: Ball
1-2: Ball
2-2: Ball
3-2: Ground out 6-3 (Groundball, 6M)
Batting: LHB Juan Cabañas 0-0: Foul Ball, location: 2F
0-1: Ball
1-1: SINGLE (Line Drive, 8LS)
Batting: RHB Mario Beltrán 0-0: Grounds into double play, 1-6-3 (Groundball, 15)
Bottom of the 2nd over - 0 run(s), 1 hit(s), 0 error(s), 0 left on base; Mexico City 0 - Houston 4
TOP OF THE 3RD
Mexico City Cerveceros batting - Pitching for Houston Hammertime : LHP Terry Klassen
Batting: RHB Robinson Pacheco 0-0: Swinging Strike
0-1: Ball
1-1: Swinging Strike
1-2: Fly out, F6 (Line Drive, 6)
Batting: LHB Don Soper 0-0: Ball
1-0: Ball
2-0: Ball
3-0: Called Strike
3-1: Foul Ball, location: 2F
3-2: Base on Balls
Batting: RHB Henning Huisman 0-0: Ground out 3-1 (Groundball, 34)
Don Soper to second
Batting: LHB Brandon Cummings 0-0: Ball
1-0: Called Strike
1-1: Ball
2-1: Foul Ball, location: 2F
2-2: Strikes out swinging
Top of the 3rd over - 0 run(s), 0 hit(s), 0 error(s), 1 left on base; Mexico City 0 - Houston 4
BOTTOM OF THE 3RD
Houston Hammertime batting - Pitching for Mexico City Cerveceros : RHP Honorato Mota
Batting: LHB Pat Jones 0-0: Ball
1-0: Foul Ball, location: 2F
1-1: Foul Ball, location: 2F
1-2: Ground out 4-3 (Groundball, 34)
Batting: LHB Bartolo Villanueva 0-0: Ball
1-0: Ball
2-0: Ball
3-0: Called Strike
3-1: Foul Ball, location: 2F
3-2: Base on Balls
Batting: RHB Rafael Torres 0-0: Ball
1-0: Ball
2-0: Grounds into double play, 1-4-3 (Groundball, 13)
Bottom of the 3rd over - 0 run(s), 0 hit(s), 0 error(s), 0 left on base; Mexico City 0 - Houston 4
TOP OF THE 4TH
Mexico City Cerveceros batting - Pitching for Houston Hammertime : LHP Terry Klassen
Batting: RHB Murai Ishihara 0-0: Ball
1-0: Ball
2-0: Ball
3-0: Called Strike
3-1: Foul Ball, location: 2F
3-2: Base on Balls
Batting: RHB Dave Morgan 0-0: Called Strike
0-1: Called Strike
0-2: Ball
Murai Ishihara steals 2nd base
1-2: Ball
2-2: Strikes out looking
Batting: RHB Jesús Torres 0-0: Ball
1-0: Called Strike
1-1: Ball
2-1: Ball
3-1: Base on Balls
Batting: RHB Jorge González 0-0: Ball
1-0: Foul Ball, location: 2F
1-1: Ball
2-1: Swinging Strike
2-2: Strikes out swinging
Batting: LHB Víctor Carrillo 0-0: Ball
1-0: Hit by Pitch
Murai Ishihara to third
Jesús Torres to second
Pinch Runner at 1st Kevin Beasley:
Batting: RHB Robinson Pacheco 0-0: Ball
1-0: Called Strike
1-1: DOUBLE (Flyball, 9LS)
Murai Ishihara scores
Jesús Torres scores
Kevin Beasley to third
Runner from 3rd tries for Home, SAFE, no throw or cutoff
Batting: LHB Don Soper 0-0: Called Strike
0-1: Swinging Strike
0-2: Foul Ball, location: 2F
0-2: Ball
1-2: Ball
2-2: Foul Ball, location: 2F
2-2: Ball
3-2: Ground out 4-3 (Groundball, 4M)
Top of the 4th over - 3 run(s), 1 hit(s), 0 error(s), 1 left on base; Mexico City 3 - Houston 4
BOTTOM OF THE 4TH
Houston Hammertime batting - Pitching for Mexico City Cerveceros : RHP Honorato Mota
Now in RF: Kevin Beasley
Batting: LHB Fernando Camacho 0-0: SINGLE (Flyball, 9S)
Batting: RHB Pedro Meza 0-0: Ball
1-0: Ball
2-0: Called Strike
2-1: Foul Ball, location: 2F
2-2: Fly out, F9 (Flyball, 9M)
Batting: RHB José García 0-0: Called Strike
0-1: Ball
1-1: Called Strike
1-2: Grounds into double play, 5-4-3 (Groundball, 56)
Bottom of the 4th over - 0 run(s), 1 hit(s), 0 error(s), 0 left on base; Mexico City 3 - Houston 4
TOP OF THE 5TH
Mexico City Cerveceros batting - Pitching for Houston Hammertime : LHP Terry Klassen
Batting: RHB Henning Huisman 0-0: Called Strike
0-1: Foul Ball, location: 2F
0-2: Fly out, F3 (Popup, 3F)
Batting: LHB Brandon Cummings 0-0: Fly out, F6 (Line Drive, 6M)
Batting: RHB Murai Ishihara 0-0: Foul Ball, location: 2F
0-1: Ball
1-1: Ball
2-1: SINGLE (Groundball, 5L)
Batting: RHB Dave Morgan 0-0: Ball
1-0: Foul Ball, location: 2F
1-1: Ball
2-1: Ball
3-1: SINGLE (Groundball, 5L)
Murai Ishihara to second
Batting: RHB Jesús Torres 0-0: Ball
1-0: Foul Ball, location: 2F
1-1: Ball
2-1: Ball
3-1: Base on Balls
Murai Ishihara to third
Dave Morgan to second
Batting: RHB Jorge González 0-0: Ground out 6-3 (Groundball, 6)
Top of the 5th over - 0 run(s), 2 hit(s), 0 error(s), 3 left on base; Mexico City 3 - Houston 4
BOTTOM OF THE 5TH
Houston Hammertime batting - Pitching for Mexico City Cerveceros : RHP Honorato Mota
Batting: SHB Cristo Ontiveros 0-0: Ball
1-0: Ball
2-0: Ball
3-0: Base on Balls
Batting: LHB Juan Cabañas 0-0: Ball
1-0: SINGLE (Line Drive, 9LM)
Cristo Ontiveros to second
Batting: RHB Mario Beltrán 0-0: Ball
1-0: Ball
2-0: Called Strike
2-1: Foul Ball, location: 2F
2-2: Ball
3-2: Foul Ball, location: 2F
3-2: Strikes out swinging
Batting: LHB Pat Jones 0-0: Swinging Strike
0-1: Ball
1-1: Ball
2-1: Foul Ball, location: 2F
2-2: Foul Ball, location: 2F
2-2: Ground out 3-1 (Groundball, 34)
Cristo Ontiveros to third
Juan Cabañas to second
Batting: LHB Bartolo Villanueva 0-0: Called Strike
0-1: Foul Ball, location: 2F
0-2: Ball
Wild Pitch!
Cristo Ontiveros scores
Juan Cabañas to third
1-2: Ball
2-2: Strikes out looking
Bottom of the 5th over - 1 run(s), 1 hit(s), 0 error(s), 1 left on base; Mexico City 3 - Houston 5
TOP OF THE 6TH
Mexico City Cerveceros batting - Pitching for Houston Hammertime : LHP Terry Klassen
Batting: LHB Kevin Beasley 0-0: Swinging Strike
0-1: Ball
1-1: Foul Ball, location: 2F
1-2: Ball
2-2: Fly out, F7 (Flyball, 7D)
Batting: RHB Robinson Pacheco 0-0: Called Strike
0-1: Foul Ball, location: 2F
0-2: Ball
1-2: Ball
2-2: Ball
3-2: Reached on error, E6 (Groundball, 56)
Pitching: RHP José Ortíz
Batting: LHB Don Soper 0-0: Ball
1-0: Foul Ball, location: 2F
1-1: Ball
2-1: Ball
3-1: Fly out, F8 (Line Drive, 89D)
Batting: RHB Henning Huisman 0-0: Ball
1-0: Called Strike
1-1: Swinging Strike
1-2: Strikes out swinging
Top of the 6th over - 0 run(s), 0 hit(s), 1 error(s), 1 left on base; Mexico City 3 - Houston 5
BOTTOM OF THE 6TH
Houston Hammertime batting - Pitching for Mexico City Cerveceros : RHP Honorato Mota
Pitching: RHP Raúl Gómez
Batting: RHB Rafael Torres 0-0: Swinging Strike
0-1: SINGLE (Groundball, 34)
Batting: LHB Fernando Camacho 0-0: Ball
1-0: Fly out, F8 (Flyball, 8RXD)
Batting: RHB Pedro Meza 0-0: Foul Ball, location: 2F
0-1: DOUBLE (Line Drive, 7LM)
Rafael Torres to third
Runner from 3rd tries for Home, SAFE, throw made home
Batting: RHB José García 0-0: Ball
1-0: Fly out, F7 (Flyball, 78M)
Batting: SHB Cristo Ontiveros 0-0: Foul Ball, location: 2F
0-1: Foul Ball, location: 2F
0-2: Ball
1-2: Ball
2-2: Ball
3-2: SINGLE (Flyball, 7S)
Pedro Meza to third
Pedro Meza scores
Pitching: LHP Joey Smith
Batting: LHB Juan Cabañas 0-0: Swinging Strike
0-1: Ground out U3 (Groundball, 3)
Bottom of the 6th over - 2 run(s), 3 hit(s), 0 error(s), 1 left on base; Mexico City 3 - Houston 7
TOP OF THE 7TH
Mexico City Cerveceros batting - Pitching for Houston Hammertime : RHP José Ortíz
Batting: LHB Brandon Cummings 0-0: Ball
1-0: Foul Ball, location: 2F
1-1: Swinging Strike
1-2: Fly out, F7 (Flyball, 78S)
Batting: RHB Murai Ishihara 0-0: Ball
1-0: Ball
2-0: Called Strike
2-1: Ball
3-1: Called Strike
3-2: Strikes out swinging
Batting: RHB Dave Morgan 0-0: Called Strike
0-1: Ball
1-1: Ball
2-1: Ball
3-1: Base on Balls
Batting: RHB Jesús Torres 0-0: Ball
1-0: Ball
2-0: Ball
3-0: Called Strike
3-1: Foul Ball, location: 2F
3-2: Strikes out swinging
Top of the 7th over - 0 run(s), 0 hit(s), 0 error(s), 1 left on base; Mexico City 3 - Houston 7
BOTTOM OF THE 7TH
Houston Hammertime batting - Pitching for Mexico City Cerveceros : RHP Jonathan Long
Pitching: RHP Jonathan Long
Batting: RHB Mario Beltrán 0-0: Called Strike
0-1: Ball
1-1: Called Strike
1-2: Strikes out swinging
Batting: LHB Pat Jones 0-0: Ball
1-0: Foul Ball, location: 2F
1-1: Ball
2-1: Foul Ball, location: 2F
2-2: Ball
3-2: SINGLE (Line Drive, 89S)
Batting: LHB Bartolo Villanueva 0-0: Ball
1-0: Ball
2-0: Ball
3-0: Called Strike
3-1: Foul Ball, location: 2F
3-2: Base on Balls
Pat Jones to second
Batting: RHB Rafael Torres 0-0: Ball
1-0: SINGLE (Line Drive, 78S)
Pat Jones to third
Bartolo Villanueva to second
Batting: LHB Fernando Camacho 0-0: Called Strike
0-1: Ball
1-1: Foul Ball, location: 2F
1-2: Grounds into double play, 4-6-3 (Groundball, 4)
Bottom of the 7th over - 0 run(s), 2 hit(s), 0 error(s), 2 left on base; Mexico City 3 - Houston 7
TOP OF THE 8TH
Mexico City Cerveceros batting - Pitching for Houston Hammertime : RHP José Ortíz
Pitching: RHP Stanley Edwards
Batting: RHB Jorge González 0-0: Ball
1-0: Foul Ball, location: 2F
1-1: Ball
2-1: Swinging Strike
2-2: Ground out 4-3 (Groundball, 4M)
Batting: LHB Kevin Beasley 0-0: Ball
1-0: Foul Ball, location: 2F
1-1: Called Strike
1-2: Strikes out looking
Batting: RHB Robinson Pacheco 0-0: Ball
1-0: Foul Ball, location: 2F
1-1: Ground out 1-3 (Groundball, 23)
Top of the 8th over - 0 run(s), 0 hit(s), 0 error(s), 0 left on base; Mexico City 3 - Houston 7
BOTTOM OF THE 8TH
Houston Hammertime batting - Pitching for Mexico City Cerveceros : RHP Jonathan Long
Batting: RHB Pedro Meza 0-0: Fly out, F8 (Flyball, 8LS)
Batting: RHB José García 0-0: Ball
1-0: Ball
2-0: Ball
3-0: Base on Balls
Batting: SHB Cristo Ontiveros 0-0: Called Strike
José García steals 2nd base
0-1: DOUBLE (Line Drive, 9LD)
José García scores
Batting: LHB Juan Cabañas 0-0: Called Strike
0-1: Ball
1-1: Foul Ball, location: 2F
1-2: Fly out, F6 (Popup, 6MD)
Batting: RHB Mario Beltrán 0-0: Ball
1-0: Foul Ball, location: 2F
1-1: Fly out, F8 (Line Drive, 8LM)
Bottom of the 8th over - 1 run(s), 1 hit(s), 0 error(s), 1 left on base; Mexico City 3 - Houston 8
TOP OF THE 9TH
Mexico City Cerveceros batting - Pitching for Houston Hammertime : RHP Stanley Edwards
Now in RF: Enrique Valentín
Batting: LHB Don Soper 0-0: Called Strike
0-1: Swinging Strike
0-2: Foul Ball, location: 2F
0-2: Foul Ball, location: 2F
0-2: Foul Ball, location: 2F
0-2: Foul Ball, location: 2F
0-2: Strikes out looking
Batting: RHB Henning Huisman 0-0: Ball
1-0: Ground out 1-3 (Groundball, 15)
Batting: LHB Brandon Cummings 0-0: Ball
1-0: Called Strike
1-1: Ball
2-1: Called Strike
2-2: Strikes out swinging
Top of the 9th over - 0 run(s), 0 hit(s), 0 error(s), 0 left on base; Mexico City 3 - Houston 8
This league is powered by Out of the Park Baseball, the baseball management simulation game for PC, Mac and Linux
Tuesday, August 2nd, 2016 - OOTP Baseball 16.8 Build 38